 Dungeon Crawl Stone Soup version 0.30-a0-219-gf2db51d15e (webtiles) character file.

Game seed: 855998930958817483

10824 Iusername the Cleaver (level 11, -3/100 HPs)
             Began as a Minotaur Fighter on Oct 6, 2022.
             Was a Believer of Qazlal.
             Killed from afar by an electric eel (12 damage)
             ... with a bolt of electricity
             ... on level 11 of the Dungeon.
             The game lasted 00:19:05 (12172 turns).

Iusername the Cleaver (Minotaur Fighter)           Turns: 12172, Time: 00:19:05

Health: -3/100     AC: 25    Str: 25    XL:     11   Next: 41%
Magic:  10/10      EV:  8    Int: 11    God:    Qazlal [**....]
Gold:   1215       SH:  8    Dex: 10    Spells: 10/10 levels left

rFire   . . .      SeeInvis .    a - +2 war axe (drain)
rCold   . . .      Faith    .    c - +0 buckler
rNeg    . . .      Spirit   .    u - +4 plate armour
rPois   +          Reflect  .    B - +1 hat
rElec   .          Harm     .    y - +2 cloak "Jaqekoph" {rPois Stlth+}
rCorr   .          Rampage  .    (no gloves)
Will    .....                    f - +1 pair of boots {Stlth+}
Stlth   ..........               (no amulet)
HPRegen 0.36/turn                n - +6 ring of intelligence
MPRegen 0.12/turn                (no ring)

@: invisible
A: horns 2, retaliatory headbutt
a: Renounce Religion, Upheaval


You were on level 11 of the Dungeon.
You worshipped Qazlal.
Qazlal was pleased with you.
You visited 2 branches of the dungeon, and saw 12 of its levels.

You collected 1215 gold pieces.

Inventory:

Hand Weapons
 a - a +2 war axe of draining (weapon)
Missiles
 b - a throwing net (quivered)
Armour
 c - a +0 buckler (worn)
 f - a +1 pair of boots of stealth (worn)
 u - a +4 plate armour (worn)
 y - the +2 cloak "Jaqekoph" (worn) {rPois Stlth+}
   (You found it on level 6 of the Dungeon)

   rPois:     It protects you from poison.
   Stlth:     It makes you more stealthy.
 B - a +1 hat (worn)
Jewellery
 h - a +4 ring of evasion
 n - a +6 ring of intelligence (left hand)
 C - a ring of poison resistance
 G - an amulet of the acrobat
 M - a +6 ring of strength
Wands
 r - a wand of polymorph (15)
 A - a wand of charming (11)
 D - a wand of quicksilver (7)
 J - a wand of digging (4)
 L - a wand of iceblast (3)
Scrolls
 d - a scroll of enchant weapon
 g - a scroll of butterflies
 i - 3 scrolls of fear
 k - 2 scrolls of noise
 o - 2 scrolls of identify
 q - a scroll of teleportation
 s - a scroll of summoning
 v - 3 scrolls of amnesia
 E - a scroll of immolation
Potions
 e - 3 potions of mutation {unknown}
 j - 2 potions of cancellation {unknown}
 l - 2 potions of brilliance {unknown}
 m - 2 potions of flight {unknown}
 p - 2 potions of lignification {unknown}
 t - 5 potions of curing
 w - 2 potions of ambrosia {unknown}
 x - a potion of heal wounds {unknown}
 z - 2 potions of degeneration {unknown}
 F - a potion of might
 H - 2 potions of magic {unknown}
 I - a potion of berserk rage {unknown}
 N - 2 potions of attraction {unknown}


   Skills:
 + Level 10.2 Fighting
 + Level 14.6 Axes
 + Level 10.3 Armour
 + Level 2.6 Dodging
 + Level 0.9 Stealth
 + Level 8.6 Shields
 + Level 0.2 Evocations


You had 10 spell levels left.
You didn't know any spells.
Your spell library contained the following spells:

 Spells                   Type           Power      Damage    Failure   Level
 Cigotuvi's Dreadful Rot  Necr/Pois/Air  0%         N/A       100%        2
 Poisonous Vapours        Pois/Air       0%         N/A       100%        2
 Sublimation of Blood     Necr           0%         N/A       100%        2
 Gell's Gravitas          Tloc           0%         N/A       100%        3
 Lesser Beckoning         Tloc           0%         N/A       100%        3
 Mephitic Cloud           Conj/Pois/Air  0%         N/A       100%        3
 Teleport Other           Tloc           0%         N/A       100%        3
 Petrify                  Tmut/Erth      0%         N/A       100%        4
 Irradiate                Conj/Tmut      0%         3d11      100%        5


Dungeon Overview and Level Annotations

Branches:
Dungeon (11/15)            Temple (1/1) D:7            Lair (0/5) D:8
    Orc: D:9-12

Altars:
Ashenzari
Cheibriados
Dithmenos
Elyvilon
Fedhas
Gozag
Hepliaklqana
Kikubaaqudgha
Makhleb
Nemelex Xobeh
Okawaru
Qazlal
Ru
Trog
Uskayaw
Vehumet
Wu Jian
Xom
Yredelemnul
Zin
The Shining One
Lugonu

Shops:
D:4 ?((

Portals:
Abyss: D:10
Trove: D:11 (give 7 scrolls of butterflies)

Annotations:
D:5 1 runed translucent door
D:6 3 runed translucent doors, CertainDeath's ghost, novice GrEE; Darkkill's ghost, amateur HuHu; MudFish's ghost, novice DrCj; glaedl's ghost, novice TrCK; ryw's ghost, novice DgFi
D:8 2 transporters, exclusion: 2 ice statues, Pooter's ghost, novice MiMo


Innate Abilities, Weirdness & Mutations

You have a pair of horns on your head.
You reflexively headbutt those who attack you in melee.


Message History

The manticore is heavily wounded.
The manticore closely misses you. The manticore completely misses you.
You block the manticore's attack.
You hit the manticore. You drain the manticore. You headbutt the manticore!
The manticore is severely wounded.
The manticore bites you! The manticore claws you.
You block the manticore's attack.
The electric eel shoots out a bolt of lightning at you!
The bolt of electricity hits you!
* * * LOW HITPOINT WARNING * * *
You feel better. You block the manticore's attack.
The manticore claws you but does no damage. x2
You fade into invisibility!
The manticore bites you but does no damage.
The manticore claws you but does no damage.
The manticore barely misses you.
You slice the manticore!!
You kill the manticore!
Qazlal accepts your kill.
The electric eel shoots out a bolt of lightning at you!
The bolt of electricity hits you!
* * * LOW HITPOINT WARNING * * *
You enter the shallow water.
Moving in this stuff is going to be slow. ...and don't expect to remain undetected.
The electric eel shoots out a bolt of lightning at you!
The bolt of electricity hits you.
* * * LOW HITPOINT WARNING * * *
The electric eel shoots out a bolt of lightning at you!
The bolt of electricity hits you!
* * * LOW HITPOINT WARNING * * *
You feel better.
The electric eel shoots out a bolt of lightning at you!
The bolt of electricity hits you!
* * * LOW HITPOINT WARNING * * *
You barely miss the electric eel. You headbutt the electric eel!
The electric eel is heavily wounded.
The electric eel shoots out a bolt of lightning at you!
The bolt of electricity hits you!
You die...

≈≈## #.###≈≈≈≈##... #..........
≈≈≈###.##≈≈≈≈≈≈#.# #.......)))
≈≈≈≈##.#≈≈≈≈≈≈≈~.# ####.......)).
≈≈≈≈≈#.~≈≈≈≈≈≈≈~.###.............
≈≈≈≈≈≈.~≈≈≈≈≈≈≈~.~##.............
≈≈≈≈≈~.~≈~~≈~≈~~.~≈#.............
≈≈≈≈≈~.........~.~≈#...##########
≈≈≈≈##~~≈~≈~≈~.~.S##...#
≈≈≈####≈≈≈≈≈≈~.~@###...# ≈≈##
##≈≈≈≈≈~.°.# #...# ≈##
##≈≈≈≈≈.#.# #...# ## ##≈≈≈~.#.#
#...# ##~~#.#.###...#
......#.......# ############...#
#...# #...#


You could see an electric eel (unable to see you).

Vanquished Creatures
  4 two-headed ogres
  An ugly thing (D:11)
  A manticore (D:11)
  Maurice (D:9)
  A troll (D:10)
  The ghost of billz999 the Insei, an amateur GnTm of Uskayaw (D:5)
  2 hornets
  A shadow (D:10)
  A wraith (D:10)
  A wyvern (D:8)
  Eustachio (D:4)
  A steam dragon (D:9)
  4 vampire mosquitoes (D:9)
  2 acid dragons
  A water moccasin (D:8)
  An ice beast (D:6)
  4 black bears
  A sky beast (D:7)
  5 orc warriors
  3 ogres
  A phantom (D:6)
  3 centaurs
  3 kobold brigands
  2 bullfrogs
  A gnoll sergeant (D:9)
  6 scorpions
  9 wights
  18 killer bees
  5 electric eels
  5 howler monkeys
  A lava snake (D:9)
  4 hounds
  Crazy Yiuf (D:3)
  3 orc priests
  3 iguanas
  A jelly (D:6)
  Natasha (thrice) (D:4)
  5 orc wizards
  25 gnolls
  9 adders
  A white imp (D:5)
  An ufetubus (D:6)
  3 worms
  A dart slug (D:3)
  43 orcs
  10 bats
  5 endoplasms
  5 giant cockroaches
  35 goblins
  25 hobgoblins
  2 jackals (D:2)
  27 kobolds
  3 quokkas
  6 ball pythons
  3 frilled lizards
  10 rats
  A bush (D:3)
  A lurking horror (D:10)
327 creatures vanquished.

Vanquished Creatures (others)
  2 goblins (D:6)
  A hobgoblin (D:6)
  4 fungi
  A lurking horror (D:10)
  2 plants (D:8)
10 creatures vanquished.

Grand Total: 337 creatures vanquished

Notes
Turn   | Place    | Note
-------+----------+-------------------------------------------
     0 | D:1      | Iusername the Minotaur Fighter began the quest for the Orb.
     0 | D:1      | Reached XP level 1. HP: 19/19 MP: 0/0
   130 | D:1      | Reached XP level 2. HP: 27/27 MP: 1/1
   138 | D:1      | Found a faded altar of an unknown god.
   858 | D:2      | Reached skill level 3 in Axes
   858 | D:2      | Reached XP level 3. HP: 24/33 MP: 2/2
   993 | D:2      | Reached skill level 1 in Dodging
   993 | D:2      | Reached XP level 4. HP: 18/40 MP: 3/3
  1133 | D:2      | Reached skill level 4 in Axes
  1541 | D:3      | Identified the +2 robe of the Lily {Harm}
  1581 | D:3      | Found a bloodstained altar of Trog.
  1584 | D:3      | Found a shimmering altar of Xom.
  1617 | D:3      | Found a glowing golden altar of the Shining One.
  1760 | D:3      | Reached XP level 5. HP: 47/47 MP: 4/4
  2241 | D:3      | Found a runed translucent door.
  2242 | D:3      | Noticed Crazy Yiuf
  2249 | D:3      | Killed Crazy Yiuf
  2250 | D:3      | Reached skill level 5 in Armour
  2424 | D:4      | Found Bourerr's Antique Weapon Emporium.
  2467 | D:4      | Reached skill level 5 in Axes
  2467 | D:4      | Reached XP level 6. HP: 25/53 MP: 5/5
  2860 | D:4      | Found Xiosch's Weapon Shop.
  2925 | D:4      | Found Viqu's Magic Scroll Emporium.
  3059 | D:4      | Noticed Natasha
  3068 | D:4      | Killed Natasha
  3103 | D:4      | Noticed Natasha
  3110 | D:4      | Killed Natasha
  3173 | D:4      | Noticed Eustachio
  3184 | D:4      | Killed Eustachio
  3185 | D:4      | Reached skill level 5 in Fighting
  3185 | D:4      | Reached skill level 6 in Axes
  3274 | D:4      | Reached XP level 7. HP: 61/61 MP: 6/6
  3503 | D:4      | Noticed Natasha
  3511 | D:4      | Killed Natasha
  4144 | D:5      | Entered Level 5 of the Dungeon
  4169 | D:5      | Reached skill level 7 in Axes
  4331 | D:5      | Found a runed translucent door.
  4339 | D:5      | Noticed billz999's ghost (amateur GnTm)
  4816 | D:5      | Found a runed translucent door.
  4834 | D:5      | Reached skill level 5 in Shields
  4834 | D:5      | Reached XP level 8. HP: 40/70 MP: 7/7
  5083 | D:5      | Reached skill level 8 in Axes
  5094 | D:5      | Killed billz999's ghost
  6081 | D:6      | Identified the +2 cloak "Jaqekoph" {rPois Stlth+}
  6266 | D:6      | Reached skill level 9 in Axes
  6809 | D:6      | Found a burning altar of Makhleb.
  6902 | D:6      | Reached skill level 10 in Axes
  6937 | D:6      | Reached XP level 9. HP: 70/78 MP: 8/8
  6988 | D:6      | Found a runed translucent gate.
  6988 | D:6      | Found a runed translucent gate.
  6988 | D:6      | Found a runed translucent gate.
  6991 | D:6      | Noticed CertainDeath's ghost (novice GrEE)
  6991 | D:6      | Noticed Darkkill's ghost (amateur HuHu)
  6991 | D:6      | Noticed ryw's ghost (novice DgFi)
  6991 | D:6      | Noticed MudFish's ghost (novice DrCj)
  6991 | D:6      | Noticed glaedl's ghost (novice TrCK)
  7033 | D:6      | Identified the +6 spear of Gugeah {pain, rElec}
  7570 | D:7      | Reached skill level 11 in Axes
  7772 | D:7      | Found a staircase to the Ecumenical Temple.
  7954 | Temple   | Entered the Ecumenical Temple
  7979 | Temple   | Became a worshipper of Qazlal Stormbringer
  8074 | D:8      | Found a transporter.
  8089 | D:8      | Noticed a centaur warrior
  8107 | D:8      | Noticed Pooter's ghost (novice MiMo)
  8108 | D:8      | Noticed an ice statue
  8122 | D:8      | Found a transporter.
  8126 | D:8      | Noticed a two-headed ogre
  8134 | D:8      | Killed a two-headed ogre
  8135 | D:8      | Reached skill level 12 in Axes
  8135 | D:8      | Reached XP level 10. HP: 78/90 MP: 9/9
  8400 | D:8      | Found a staircase to the Lair.
  8455 | D:8      | Identified the +4 broad axe "Posuss" {pain, rElec rCorr
                  | Dex+5}
  8465 | D:8      | Noticed an ice statue
  8544 | D:8      | Reached * piety under Qazlal
  8937 | D:9      | Found a snail-covered altar of Cheibriados.
  8937 | D:9      | Found a basalt altar of Yredelemnul.
  8963 | D:9      | Noticed Maurice
  9030 | D:9      | Killed Maurice
  9145 | D:9      | Reached skill level 13 in Axes
  9184 | D:9      | Reached ** piety under Qazlal
  9312 | D:9      | Noticed a two-headed ogre
  9319 | D:9      | Killed a two-headed ogre
  9501 | D:10     | Entered Level 10 of the Dungeon
  9835 | D:10     | Found a one-way gate to the infinite horrors of the Abyss.
  9835 | D:10     | Found a corrupted altar of Lugonu.
  9853 | D:10     | Reached XP level 11. HP: 69/97 MP: 10/10
  9858 | D:10     | Reached skill level 14 in Axes
 10142 | D:10     | Noticed a two-headed ogre
 10150 | D:10     | Killed a two-headed ogre
 10151 | D:10     | Reached skill level 10 in Fighting
 10741 | D:10     | Noticed a two-headed ogre
 10748 | D:10     | Killed a two-headed ogre
 10749 | D:10     | Reached skill level 10 in Armour
 11259 | D:11     | Found a portal to a secret trove of treasure.
 11773 | D:11     | Noticed a red ugly thing
 11782 | D:11     | Killed a red ugly thing
 12172 | D:11     | Killed from afar by an electric eel

Illustrated notes

Levels and vault maps discovered:
D:1:      lightli_arrival_quake, layout_basic, serial_forest,
          infiniplex_forest_lined_room_2, infiniplex_forest_zigzag_1,
          infiniplex_forest_end_1, infiniplex_forest_lined_3_way,
          infiniplex_forest_clump_small, hellmonk_ecumenical_altar_heavens_door,
          kennysheep_boxes
D:2:      wander_river, layout_rooms, serial_glass, glass_columns_c,
          glass_columns_c, minmay_misc_feat_ornament
D:3:      layout_basic, nicolae_overflow_squiral,
          mainiacjoe_overflow_concentric_impassable, uniq_crazy_yiuf_cottage
D:4:      layout_loops_corners, serial_shops, nicolae_diamond_shop,
          nicolae_shop_bloodbath_and_beyond, nicolae_shop_window_shopping,
          minivault_19, uniq_natasha, uniq_eustachio
D:5:      layout_layer_cave, ebering_ghost_sewer_f
D:6:      minmay_goblin_kobold_castle, layout_rooms, lightli_temple_of_fire,
          gammafunk_ghost_cemetery, minmay_misc_feat_rows
D:7:      layout_loops_ring, temple_statues, kennysheep_cross_room,
          glass_columns_a
D:8:      layout_basic, dpeg_oklobed_lair, nzn_ghost_randoct
D:9:      layout_roguey [special_room_orc], nicolae_overflow_two_pavilions,
          lemuel_round_altar, uniq_maurice
D:10:     layout_basic, amcnicky_altar_lugonu_corruption
D:11:     layout_basic, enter_trove_6, grunt_decor_fettered
Temple:   hellmonk_temple_two_chambers

Skill      XL: |  1  2  3  4  5  6  7  8  9 10 11 |
---------------+----------------------------------+-----
Armour         | 4 5 6 7 8 9 10 | 10.3
Shields        | 4 5 6 7 8 |  8.6
Fighting       | 4 5 6 8 9 10 | 10.2
Axes           | 3 4 5 6 7 10 12 13 14 | 14.6
Dodging        | 1 2 |  2.6
Stealth        | |  0.9
Evocations     | |  0.2

Action                   |  1- 3 |  4- 6 |  7- 9 | 10-12 || total
-------------------------+-------+-------+-------+-------++-------
Melee: War axe           |    74 |   166 |   300 |   232 ||   772
       Headbutt          |     7 |    28 |    55 |    35 ||   125
Evoke: Wand              |       |       |     1 |     4 ||     5
  Use: Potion            |     1 |       |       |     4 ||     5
       Scroll            |       |       |     3 |    13 ||    16
Armor: Scale mail        |    57 |    36 |       |       ||    93
       Plate armour      |       |    41 |   297 |   170 ||   508
       Skin              |       |       |     4 |       ||     4
Dodge: Dodged            |    65 |    39 |   112 |    96 ||   312
Block: Buckler           |    21 |    30 |    93 |    95 ||   239

Table legend: (Time is in decaauts)
 A = Elapsed time spent in this place.
 B = Non-inter-level travel time spent in this place.
 C = Inter-level travel time spent in this place.
 D = Time resting spent in this place.
 E = Time spent auto-exploring this place.
 F = Levels seen in this place.
 G = Mean time per level.
                   A        B        C        D        E       F      G
               +--------+--------+--------+--------+--------+-----+--------+
         Total |  12290 |  11866 |    424 |   2601 |   7026 |  12 | 1024.2 |
       Dungeon |  12252 |  11828 |    424 |   2601 |   7026 |  11 | 1113.8 |
        Temple |     38 |     38 |      0 |      0 |      0 |   1 |   38.0 |
               +--------+--------+--------+--------+--------+-----+--------+

Top non-repeatable levels by time:
     D:4: 1758 daAuts
     D:6: 1631 daAuts
    D:10: 1629 daAuts
     D:5: 1399 daAuts
    D:11: 1032 daAuts
     D:3: 896 daAuts
     D:7: 847 daAuts
     D:2: 808 daAuts
     D:1: 794 daAuts
     D:9: 749 daAuts
     D:8: 705 daAuts
  Temple: 38 daAuts
